 Dungeon Crawl Stone Soup version 0.31-a0-133-gaae73658be (webtiles) character file.

Game seed: 11019637318062182400

96 benadryl the Shooter (level 4, -5/34 HPs)
             Began as a Barachi Hunter on June 2, 2023.
             Killed by divine providence
             ... invoked by an orc priest
              (8 damage)
             ... on level 3 of the Dungeon.
             The game lasted 00:03:49 (1613 turns).

benadryl the Shooter (Barachi Hunter)               Turns: 1613, Time: 00:03:49

Health: -5/34      AC:  8    Str: 12    XL:     4   Next: 67%
Magic:  4/4        EV: 12    Int: 15    God:
Gold:   134        SH:  0    Dex: 18    Spells: 3/3 levels left

rFire   . . .        a - +0 shortbow (elec)
rCold   . . .        (shield currently unavailable)
rNeg    . . .        c - +1 leather armour
rPois   .            e - +2 helmet
rElec   .            (no cloak)
rCorr   .            h - +0 pair of gloves
SInv    .            (no boots)
Will    .....        (no amulet)
Stlth   ++           g - +6 ring of intelligence
HPRegen 0.25/turn    (no ring)
MPRegen 0.09/turn

%: no passive effects
@: slow
A: amphibious, slowness 1, strong legs 1, +LOS
a: Hop


You were on level 3 of the Dungeon.
You visited 1 branch of the dungeon, and saw 3 of its levels.

You collected 134 gold pieces.

Inventory:

Hand Weapons
 a - a +0 shortbow of electrocution (weapon)
 i - a +1 dagger of draining
Armour
 c - a +1 leather armour (worn)
 e - a +2 helmet (worn)
 h - a +0 pair of gloves (worn)
Jewellery
 g - a +6 ring of intelligence (left hand)
Scrolls
 d - a scroll of poison
 f - a scroll of teleportation


   Skills:
 - Level 2.4 Fighting
 * Level 5.9 Ranged Weapons
 - Level 2.1 Dodging
 - Level 0.8 Stealth


You had 3 spell levels left.
You didn't know any spells.
Your spell library contained the following spells:

 Spells                   Type           Power      Damage    Failure   Level
 Freeze                   Ice            0%         1d3       34%         1
 Cigotuvi's Dreadful Rot  Necr/Pois/Air  0%         N/A       45%         2
 Frozen Ramparts          Ice            0%         1d1       71%         3
 Hailstorm                Conj/Ice       0%         3d3       71%         3
 Dispel Undead            Necr           0%         3d6       98%         4
 Death Channel            Necr           0%         N/A       100%        6


Dungeon Overview and Level Annotations

Branches:
Dungeon (3/15)

Altars:
Makhleb

Shops:
D:2 =


Innate Abilities, Weirdness & Mutations

You are amphibious.
You cover ground slowly.
You can hop short distances.
You have an extended range of vision and can be seen from far away.


Message History

Fire: a) +0 shortbow (elec)
Press: ? - help, Q - select action, (/) - cycle Shift-Dir - straight line, f/p - orc priest
Aim: an orc priest, wielding a +0 short sword and wearing a +0 leather armour (moderately wounded, 64% to hit)
You shoot an arrow. The arrow hits the orc priest.
The orc priest is moderately wounded.
The orc priest hits you but does no damage.
Fire: a) +0 shortbow (elec)
Press: ? - help, Q - select action, (/) - cycle Shift-Dir - straight line, f/p - orc priest
Aim: an orc priest, wielding a +0 short sword and wearing a +0 leather armour (moderately wounded, 64% to hit)
You shoot an arrow. The arrow barely misses the orc priest.
The orc priest closely misses you.
A worm comes into view.
Fire: a) +0 shortbow (elec)
Press: ? - help, Q - select action, (/) - cycle Shift-Dir - straight line, f/p - orc priest
Aim: an orc priest, wielding a +0 short sword and wearing a +0 leather armour (moderately wounded, 64% to hit)
You shoot an arrow.
The arrow hits the orc priest but does no damage.
The orc priest is moderately wounded.
The orc priest mumbles some strange prayers to Beogh against you.
Beogh smites you!
* * * LOW HITPOINT WARNING * * *
Fire: a) +0 shortbow (elec)
Press: ? - help, Q - select action, (/) - cycle Shift-Dir - straight line, f/p - orc priest
Aim: an orc priest, wielding a +0 short sword and wearing a +0 leather armour (moderately wounded, 64% to hit)
You shoot an arrow.
The arrow completely misses the orc priest.
The arrow hits the worm!
The worm is moderately wounded.
The orc priest misses you.
You aren't carrying any potions.
As you read the scroll of butterflies, it crumbles to dust.
You hear the flapping of tiny wings.
The worm is knocked back by the sudden gust.
The orc priest is knocked back by the sudden gust.
The orc priest hits you with a +0 short sword.
* * * LOW HITPOINT WARNING * * *
You swap places.
The orc priest calls down the wrath of Beogh upon you.
Beogh smites you!
You die... # ########### .## #.........# bb.

#.#######.# bb #.#
#####.#####b#
#.###....b.b@bow#
#........b####### ##
#....(.#..# .#
#.###.###.#
.####.####.#..#
...##.........#
.#.########..##
.#.########...####..
...............))'..


You could see a worm (ally target) and an orc priest (ally target).

Vanquished Creatures
  3 adders
  A worm (D:2)
  A dart slug (D:1)
  3 orcs (D:3)
  6 endoplasms
  2 giant cockroaches (D:1)
  3 goblins
  9 hobgoblins
  2 jackals (D:2)
  A quokka (D:1)
  2 ball pythons
  2 bats (D:1)
  6 frilled lizards
  8 kobolds (D:1)
  6 rats
55 creatures vanquished.

Vanquished Creatures (collateral kills)
  2 ball pythons (D:3)
  2 kobolds (D:3)
4 creatures vanquished.

Grand Total: 59 creatures vanquished

Notes
Turn   | Place    | Note
-------+----------+-------------------------------------------
     0 | D:1      | benadryl the Barachi Hunter began the quest for the Orb.
     0 | D:1      | Reached XP level 1. HP: 17/17 MP: 1/1
    69 | D:1      | Reached XP level 2. HP: 13/23 MP: 2/2
   327 | D:1      | Found a faded altar of an unknown god.
   335 | D:1      | Reached XP level 3. HP: 28/28 MP: 3/3
   345 | D:1      | Reached skill level 5 in Ranged Weapons
   714 | D:2      | Found Exex's Jewellery Emporium.
   866 | D:2      | Reached XP level 4. HP: 17/34 MP: 4/4
  1412 | D:3      | Identified the ring "Caibuts" {Ice Fly Str+5 Slay-6 Stlth+}
  1545 | D:3      | Found a burning altar of Makhleb.
  1613 | D:3      | Killed from afar by an orc priest

Illustrated notes

Levels and vault maps discovered:
D:1:      nzn_arrival_depleted_hourglass, layout_rooms,
          chequers_ecumenical_altar_simple,
          nicolae_concentric_dashed_squares_mild, minivault_27,
          hangedman_glass_teeth
D:2:      layout_rooms, serial_shops, nicolae_shop_just_a_little_nook
D:3:      layout_loops_corners, lemuel_round_altar,
          nicolae_overflow_hidden_temple, trog_butcher_becter

Skill      XL: |  1  2  3 |
---------------+----------+-----
Ranged Weapons | 5 |  5.9
Fighting       | |  2.4
Dodging        | |  2.1
Stealth        | |  0.8

Action                     |  1- 3 |  4- 6 || total
---------------------------+-------+-------++-------
   Fire: Shortbow          |   130 |    56 ||   186
Ability: Hop               |     1 |       ||     1
    Use: Scroll            |     6 |     3 ||     9
         Potion            |     1 |       ||     1
 Armour: Leather armour    |    48 |     7 ||    55
  Dodge: Dodged            |    62 |    12 ||    74

Table legend: (Time is in decaauts)
 A = Elapsed time spent in this place.
 B = Non-inter-level travel time spent in this place.
 C = Inter-level travel time spent in this place.
 D = Time resting spent in this place.
 E = Time spent auto-exploring this place.
 F = Levels seen in this place.
 G = Mean time per level.
                   A        B        C        D        E       F      G
               +--------+--------+--------+--------+--------+-----+--------+
         Total |   1868 |   1696 |    172 |    192 |   1061 |   3 |  622.7 |
       Dungeon |   1868 |   1696 |    172 |    192 |   1061 |   3 |  622.7 |
               +--------+--------+--------+--------+--------+-----+--------+

Top non-repeatable levels by time:
     D:1: 828 daAuts
     D:2: 709 daAuts
     D:3: 330 daAuts
